 Dungeon Crawl Stone Soup version 0.18-a0-1637-g109f206 (webtiles) character file.

3278 Oddball22 the Martial Artist (level 9, -7/72 HPs)
             Began as a Demonspawn Monk on Mar 26, 2016.
             Mangled by a manticore (14 damage)
             ... on level 9 of the Dungeon.
             The game lasted 00:19:26 (8033 turns).

Oddball22 the Martial Artist (Demonspawn Monk)      Turns: 8033, Time: 00:19:27

Health: -7/72      AC:  8    Str: 11    XL:     9   Next: 69%
Magic:  9/9        EV: 18    Int: 12    God:
Gold:   482        SH:  0    Dex: 21    Spells: 0 memorised, 8 levels left

rFire  . . .     SeeInvis .     z - +2 quarterstaff (chaos)
rCold  . . .     Gourm    +     k - +1 robe {rN+}
rNeg   + . .     Faith    .     (shield currently unavailable)
rPois  .         Spirit   .     (helmet unavailable)
rElec  .         Dismiss  .     A - +0 cloak
rCorr  .         Reflect  .     E - +0 pair of gloves
SustAt .         Harm     .     e - +0 pair of boots
MR     +....                    D - amulet of the gourmand
Stlth  +++.......               t - +2 ring of dexterity
                                s - ring of protection from magic

@: lethally poisoned (-7 -> -9), drained, somewhat resistant to hostile
enchantments, fairly stealthy
A: horns 3, slimy green scales 1, demonic guardian 1, nightstalker 1
a: no special abilities


You were on level 9 of the Dungeon.
You were not hungry.

You visited 2 branches of the dungeon, and saw 10 of its levels.

You collected 482 gold pieces.

Inventory:

Hand Weapons
 n - a +3 dagger of venom
 u - a +1 whip of electrocution
 z - a +2 quarterstaff of chaos (weapon)
Missiles
 d - 44 bolts
 w - 10 bolts of flame
Armour
 e - a +0 pair of boots (worn)
 k - a +1 robe of positive energy (worn)
 y - a cursed +0 shield
 A - a +0 cloak (worn)
 E - a +0 pair of gloves (worn)
Jewellery
 s - a ring of protection from magic (left hand)
 t - a +2 ring of dexterity (right hand)
 D - an amulet of the gourmand (around neck)
Wands
 c - a wand of acid (7/15)
 p - a wand of flame (38/48)
 q - a wand of digging (17/24)
 B - a wand of iceblast (10/15)
Scrolls
 a - 2 scrolls of identify
 g - a scroll of acquirement {unknown}
 h - 4 scrolls of remove curse
 l - a scroll of blinking
 o - a scroll of fog
 v - 4 scrolls of teleportation {unknown}
 x - a scroll of enchant weapon
Potions
 i - a potion of flight {unknown}
 m - 3 potions of haste {unknown}
 r - 2 potions of cancellation {unknown}
 C - a potion of might {unknown}
 F - a potion of curing
Comestibles
 b - 4 bread rations
 f - 2 meat rations
 j - 2 fruits


   Skills:
 + Level 7.4(7.2) Fighting
 + Level 6.7(6.6) Dodging
 - Level 1.7(1.6) Stealth
 * Level 9.8(9.6) Unarmed Combat


You had 8 spell levels left.
You didn't know any spells.

Dungeon Overview and Level Annotations

Branches:
Dungeon (9/15)             Temple (1/1) D:6
   Lair: D:8-11         Orc: D:9-12

Altars:
Ashenzari
Cheibriados
Elyvilon
Fedhas
Gozag
Kikubaaqudgha
Makhleb
Nemelex Xobeh
Pakellas
Sif Muna
Trog
Vehumet
Yredelemnul
Zin
The Shining One

Annotations:
D:5 efeugfuoejbhfjlelj's ghost, novice GrEE


Innate Abilities, Weirdness & Mutations

You have a pair of large horns on your head.
You are partially covered in slimy green scales (AC +2).
A weak demonic guardian rushes to your aid.
You are slightly more attuned to the shadows.


Message History

You feel sick.
Your crimson imp blinks!
The worker ant completely misses you. The manticore closely misses you.
The manticore claws you but does no damage.
The manticore claws you!
* * * LOW HITPOINT WARNING * * *
Assign waypoint to what number? (0-9)
Okay, then.
Unknown command.
You closely miss the manticore.
The manticore is heavily wounded.
You feel sick. The worker ant misses you. The manticore completely misses you.
The manticore claws you.
* * * LOW HITPOINT WARNING * * *
The manticore completely misses you.
The worker ant bites you but does no damage.
You closely miss the manticore. You headbutt the manticore!
The manticore is almost dead.
You feel sick. The manticore bites you!
You die...

#...<.# ...... #.....#
#........ ## #.....#
#........ .####.....#
#........
....'.....#####........
#####.....'..##...5....
#.....##...........
##'########.aH5....
##.# #.@...... #ยง.#
#........ #.##
##.###### #.# #.# ###
#.# #.. #.. #.# ### ###
#.. #.# #...# #.. #.#
#.#.# #####.. #.#
#.#.####...'..


You could see a manticore, a worker ant, a friendly quasit and a friendly
crimson imp.

Vanquished Creatures
  Pikel (D:7)
  A hungry ghost (D:8)
  A black bear (D:7)
  An ice beast (D:7)
  An orc warrior (D:9)
  2 sky beasts (D:7)
  A phantom (D:4)
  2 ogres
  A centaur (D:6)
  A giant frog (D:8)
  2 scorpions
  6 killer bees
  9 wights
  A crimson imp (D:5)
  A hound (D:8)
  A giant frog skeleton (D:6)
  Crazy Yiuf (D:6)
  A centaur skeleton (D:8)
  2 orc wizards
  4 iguanas
  7 worker ants
  A hound skeleton (D:8)
  10 adders
  A howler monkey skeleton (D:7)
  2 shadow imps
  An ooze (D:4)
  4 worms
  2 dart slugs
  4 giant geckos
  12 orcs
  A ball python (D:1)
  6 giant cockroaches
  7 goblins
  15 hobgoblins
  3 jackals (D:6)
  6 quokkas
  8 bats
  A giant gecko zombie (D:8)
  2 giant newts
  17 kobolds
  5 rats
  A fungus (D:6)
156 creatures vanquished.

Vanquished Creatures (collateral kills)
  A hungry ghost (D:9)
  A water moccasin (D:7)
  An orc warrior (D:6)
  An ice beast (D:6)
  An ogre (D:4)
  A big kobold (D:7)
  A killer bee (D:7)
  A wight (D:7)
  A jelly (D:6)
  A giant frog skeleton (D:7)
  A hound (D:4)
  5 orcs
16 creatures vanquished.

Vanquished Creatures (others)
  A rakshasa (D:2)
  A slave (D:7)
  A centaur zombie (D:7)
  An adder (D:7)
  5 kobolds (D:7)
9 creatures vanquished.

Grand Total: 181 creatures vanquished

Notes
Turn   | Place    | Note
--------------------------------------------------------------
     0 | D:1      | Oddball22 the Demonspawn Monk began the quest for the Orb.
     0 | D:1      | Reached XP level 1. HP: 18/18 MP: 1/1
   100 | D:1      | Gained mutation: You have a pair of small horns on your head. [demonic ancestry]
   100 | D:1      | Reached XP level 2. HP: 6/24 MP: 2/2
   215 | D:1      | Found a snail-covered altar of Cheibriados.
   672 | D:1      | Reached skill level 4 in Unarmed Combat
   871 | D:1      | Gained mutation: A weak demonic guardian rushes to your aid. [demonic ancestry]
   871 | D:1      | Reached XP level 3. HP: 15/29 MP: 3/3
  1623 | D:2      | Gained mutation: You have a pair of horns on your head. [demonic ancestry]
  1623 | D:2      | Reached XP level 4. HP: 31/35 MP: 4/4
  1667 | D:2      | Found an oddly glowing altar of Pakellas.
  1667 | D:2      | Noticed a rakshasa
  1691 | D:2      | Killed a rakshasa
  2927 | D:3      | Reached skill level 5 in Unarmed Combat
  2927 | D:3      | Gained mutation: You have a pair of large horns on your head. [demonic ancestry]
  2927 | D:3      | Reached XP level 5. HP: 40/42 MP: 5/5
  3227 | D:4      | Noticed an ogre
  3334 | D:4      | Noticed an ogre
  3526 | D:4      | Killed an ogre
  3526 | D:4      | Reached XP level 6. HP: 48/48 MP: 6/6
  3813 | D:4      | Reached skill level 6 in Unarmed Combat
  3901 | D:4      | Reached XP level 7. HP: 55/55 MP: 7/7
  3913 | D:4      | Found an opulent altar of Gozag.
  3915 | D:4      | Found a white marble altar of Elyvilon.
  3915 | D:4      | Found a snail-covered altar of Cheibriados.
  3961 | D:5      | Entered Level 5 of the Dungeon
  4125 | D:5      | Noticed efeugfuoejbhfjlelj's ghost (novice GrEE)
  4144 | D:6      | Found a staircase to the Ecumenical Temple.
  4152 | Temple   | Entered the Ecumenical Temple
  4351 | D:6      | Found a bloodstained altar of Trog.
  4520 | D:6      | Reached skill level 5 in Fighting
  4805 | D:6      | Reached skill level 7 in Unarmed Combat
  5115 | D:6      | Noticed Crazy Yiuf
  5123 | D:6      | Killed Crazy Yiuf
  5392 | D:7      | Gained mutation: You are slightly more attuned to the shadows. [demonic ancestry]
  5392 | D:7      | Reached XP level 8. HP: 43/62 MP: 8/8
  5584 | D:7      | Noticed Pikel
  5597 | D:7      | Killed Pikel
  5597 | D:7      | Reached skill level 5 in Dodging
  5597 | D:7      | Reached skill level 8 in Unarmed Combat
  6322 | D:7      | Gained mutation: You are partially covered in slimy green scales (AC +2). [demonic ancestry]
  6322 | D:7      | Reached XP level 9. HP: 46/71 MP: 9/9
  6568 | D:7      | Reached skill level 9 in Unarmed Combat
  6653 | D:8      | Found an ancient bone altar of Kikubaaqudgha.
  8021 | D:9      | Noticed a manticore
  8033 | D:9      | Mangled by a manticore

Vault maps used:
D:1:      saegor_arrival_simple_e, cheibriados_altar_1
D:2:      st_stairs_9, hangedman_feature_mirror,
          gammafunk_pakellas_cloud_experiment
D:3:      kennysheep_generic_room_15
D:4:      wad_lake_hut, grunt_temple_overflow_diamond, minmay_misc_feat_tiny
D:5:      minitemple, enter_ossuary_2, first_bread, sword_in_stone,
          uniq_menkaure, uniq_grinder
D:6:      kennysheep_big_flooded_room, minmay_temple_entry_trees, trog_book,
          uniq_crazy_yiuf_cottage
D:7:      uniq_pikel
D:8:      kiku_gazebo_pond_becter
Temple:   chambers_temple_10

Skill      XL: |  1  2  3  4  5  6  7  8  9 |
---------------+----------------------------+-----
Unarmed Combat | 4 5 6 7 8 9 |  9.8
Dodging        | 3 4 5 6 |  6.7
Fighting       | 4 5 6 7 |  7.4
Stealth        | |  1.7

Action                   |  1- 3 |  4- 6 |  7- 9 || total
-------------------------+-------+-------+-------++-------
Melee: Unarmed           |    23 |       |       ||    23
       Dagger            |   126 |   184 |    88 ||   398
       Quarterstaff      |       |       |   184 ||   184
       Whip              |       |       |    38 ||    38
Evoke: Wand              |       |     4 |       ||     4
  Use: Potion            |       |     1 |     1 ||     2
       Scroll            |       |     8 |       ||     8
 Stab: Sleeping          |     7 |    10 |     7 ||    24
       Distracted        |       |       |     2 ||     2
       Confused          |       |       |     5 ||     5
       Petrifying        |       |       |     1 ||     1
       Petrified         |       |       |     1 ||     1
       Paralysed         |       |       |     1 ||     1
  Eat: Chunk             |     2 |     8 |    23 ||    33
       Beef jerky        |       |       |     1 ||     1
